 Dungeon Crawl Stone Soup version 0.26-a0-712-ga5a9c9c9d0 (webtiles) character file.

Game seed: 13695838626385823424

67 somkeydreadnuts the Digger (level 4, -1/36 HPs)
             Began as a Gargoyle Earth Elementalist on Nov 1, 2020.
             Slain by a gnoll
             ... wielding a +0 spear
              (5 damage)
             ... on level 3 of the Dungeon.
             The game lasted 00:06:33 (2004 turns).

somkeydreadnuts the Digger (GrEE)                   Turns: 2004, Time: 00:06:33

Health: -1/36      AC:  5    Str: 12    XL:     4   Next: 18%
Magic:  4/7        EV: 12    Int: 16    God:
Gold:   160        SH:  0    Dex: 16    Spells: 6/7 levels left

rFire    . . .     SeeInvis .   k - +0 mace
rCold    . . .     Faith    .   (no shield)
rNeg     + . .     Spirit   .   c - +0 robe
rPois    ∞         Reflect  .   (no helmet)
rElec    +         Harm     .   (no cloak)
rCorr    .         Rampage  .   (no gloves)
MR       .....                  (no boots)
Stlth    ..........             (no amulet)
HPRegen  0.12/turn              i - +6 ring of dexterity
MPRegen  0.10/turn              (no ring)

@: berserking, very slightly contaminated, very quick
A: negative energy resistance 1, electricity resistance, unbreathing,
petrification resistance, rot immunity, AC +3
a: no special abilities


You were on level 3 of the Dungeon.
You visited 1 branch of the dungeon, and saw 3 of its levels.

You collected 160 gold pieces.

Inventory:

Hand Weapons
 k - a +0 mace (weapon)
Missiles
 b - 63 stones (quivered)
Armour
 c - a +0 robe (worn)
Jewellery
 f - an uncursed amulet of guardian spirit
 i - a +6 ring of dexterity (left hand)
Scrolls
 d - a scroll of fog {unknown}
 e - 7 scrolls of identify {unknown}
 g - 4 scrolls of remove curse {unknown}
 m - a scroll of teleportation {unknown}
Potions
 a - a potion of mutation {unknown}
 h - a potion of brilliance {unknown}
 j - a potion of invisibility {unknown}
 l - a potion of berserk rage


   Skills:
 - Level 1.5 Dodging
 - Level 2.3 Stealth
 - Level 2.0 Spellcasting
   Level 0.7 Transmutations
 + Level 5.9 Earth Magic


You had 6 spell levels left.
You knew the following spells:

 Your Spells              Type           Power        Failure   Level
a - Sandblast             Erth           ###...       1%          1

Your spell library contained the following spells:

 Spells                   Type           Power        Failure   Level
 Passwall                 Tmut/Erth      ##......     9%          2
 Stone Arrow              Conj/Erth      ##....       19%         3
 Lee's Rapid Deconstruct  Erth           ###.......   45%         5
 Petrify                  Tmut/Erth      ##......     47%         4


Dungeon Overview and Level Annotations

Branches:
Dungeon (3/15)

Altars:
Wu Jian


Innate Abilities, Weirdness & Mutations

You are resistant to torment.
Your stone body is resilient. (AC +3)
You are immune to poison.
You resist negative energy. (rN+)
You are resistant to electric shocks. (rElec)
You can survive without breathing.
You are immune to petrification.
You are immune to rotting.


Message History

The gnoll hits you from afar with a +0 spear!
* * * LOW HITPOINT WARNING * * *
Casting: Sandblast (safe; 1% risk of failure)
Confirm with . or Enter, or press ? or * to list all spells.
Aiming: Sandblast (safe; 1% risk of failure)
Press: ? - help, Shift-Dir - straight line, f/p - gnoll
Aim: a gnoll, wielding a +0 spear (moderately wounded)
The blast of sand misses the goblin.
The blast of sand hits the gnoll!
You kill the gnoll!
b - 63 stones The goblin hits you.
* * * LOW HITPOINT WARNING * * *
It was a potion of berserk rage.
A red film seems to cover your vision as you go berserk!
You feel yourself moving faster!
You feel mighty! The goblin hits you but does no damage.
The gnoll barely misses you.
You barely miss the goblin. The goblin barely misses you. The gnoll misses you.
You barely miss the goblin. The goblin barely misses you.
The gnoll hits you from afar with a +0 spear.
You die...

.#####..#####.#
..............##
#######........#
#..#####. . # #..#
##..# #.. #..##......
#...########.....#
...........##.#####..
...........gg@.......
........##.#.########
...........#.#
....#.#...##.# ...
#.#.#?##.# ..
..#.#.##.# . ..
#......# ... ###.####
#.


You could see a gnoll and a goblin.

Vanquished Creatures
  A gnoll (D:3)
  2 adders
  A worm (D:3)
  2 leopard geckos (D:1)
  3 goblins
  7 hobgoblins
  2 quokkas (D:2)
  A ball python (D:1)
  4 bats
  4 frilled lizards
  6 kobolds
  3 rats
36 creatures vanquished.

Notes
Turn   | Place    | Note
-------+----------+-------------------------------------------
     0 | D:1      | somkeydreadnuts the Gargoyle Earth Elementalist began the
                  | quest for the Orb.
     0 | D:1      | Reached XP level 1. HP: 10/10 MP: 3/3
   259 | D:1      | Reached skill level 4 in Earth Magic
   373 | D:1      | Reached XP level 2. HP: 15/15 MP: 3/5
  1036 | D:2      | Reached skill level 5 in Earth Magic
  1036 | D:2      | Reached XP level 3. HP: 14/19 MP: 3/6
  1577 | D:2      | Found an ornate altar of the Wu Jian Council.
  1987 | D:3      | Reached XP level 4. HP: 24/24 MP: 7/7
  2004 | D:3      | Slain by a gnoll

Illustrated notes

Levels and vault maps discovered:
D:1:      dpeg_arrival_arbitrary_a, layout_loops_ring
D:2:      layout_rooms, lemuel_doored_altar
D:3:      layout_loops_cross, overflow_temple_1_default,
          nicolae_ru_awakened_eye, kennysheep_donut

Skill      XL: |  1  2 |
---------------+-------+-----
Earth Magic    | 4 5 |  5.9
Dodging        | |  1.5
Stealth        | |  2.3
Spellcasting   | |  2.0
Transmutations | |  0.7

Action                   |  1- 3 |  4- 6 || total
-------------------------+-------+-------++-------
Melee: Unarmed           |    27 |       ||    27
       Mace              |    62 |     6 ||    68
 Cast: Sandblast         |    25 |     3 ||    28
  Use: Potion            |       |     1 ||     1
 Stab: Sleeping          |     1 |       ||     1
Armor: Robe              |    24 |     2 ||    26
Dodge: Dodged            |    81 |    12 ||    93

Table legend: (Time is in decaauts)
 A = Elapsed time spent in this place.
 B = Non-inter-level travel time spent in this place.
 C = Inter-level travel time spent in this place.
 D = Time resting spent in this place.
 E = Time spent auto-exploring this place.
 F = Levels seen in this place.
 G = Mean time per level.
                   A        B        C        D        E       F      G
               +--------+--------+--------+--------+--------+-----+--------+
         Total |   2028 |   2018 |     10 |      0 |   1453 |   3 |  676.0 |
       Dungeon |   2028 |   2018 |     10 |      0 |   1453 |   3 |  676.0 |
               +--------+--------+--------+--------+--------+-----+--------+

Top non-repeatable levels by time:
     D:1: 1014 daAuts
     D:2: 733 daAuts
     D:3: 281 daAuts
